details: 'hmmm'

« prev index next »

General information

Mini Map

Players

team 1
Undeadclustercluck1 (green | 93 APM | 1711 actions | 18:26)
Hero icon 5 Death Knight
Ability icon 3 Death Coil
Ability icon 2 Unholy Aura
Hero icon 4 Lich
Ability icon 2 Frost Nova
Ability icon 1 Frost Armor
Ability icon 1 Dark Ritual

» actions
Assign group hotkey20
Basic commands1
Build / train60
Enter build submenu19
Enter hero's abilities submenu9
Give item / drop item3
Remove unit from queue3
Right click792
Select / deselect136
Select group hotkey614
Use ability54
1711 total
» units
Acolyte9
Ghoul2
Crypt Fiend8
Obsidian Statue2
Frost Wyrm2
23 total
» upgrades
Freezing Breath1
Creature Attack1
Creature Carapace1
3 total
» buildings
Altar of Darkness1
Ziggurat9
Crypt1
Tomb of Relics1
Graveyard1
Nerubian Tower2
Halls of the Dead1
Black Citadel1
Sacrificial Pit1
Slaughterhouse1
Boneyard1
Spirit Tower1
21 total
» build order
00:03 Altar of Darkness
00:04 Ziggurat
00:35 Crypt
00:55 Tomb of Relics
01:16 Graveyard
02:17 Ziggurat
02:39 Nerubian Tower
03:11 Halls of the Dead
04:11 Nerubian Tower
04:54 Ziggurat
05:33 Black Citadel
06:12 Sacrificial Pit
07:48 Ziggurat
09:08 Slaughterhouse
09:39 Boneyard
11:37 Ziggurat
16:28 Ziggurat
17:09 Ziggurat
17:10 Ziggurat
17:11 Ziggurat
18:05 Spirit Tower
» items
Rod of Necromancy5
Potion of Healing3
Potion of Mana3
Orb of Corruption2
Scroll of Town Portal2
15 total
team 2
NightElfcomrad3 (pink | 92 APM | 1695 actions | 18:23)
Hero icon 4 Demon Hunter
Ability icon 2 Mana Burn
Ability icon 2 Evasion
Hero icon 3 Keeper of the Grove
Ability icon 2 Entangling Roots
Ability icon 1 Thorns Aura

» actions
Assign group hotkey19
Build / train66
Enter build submenu16
Enter hero's abilities submenu7
Give item / drop item1
Remove unit from queue1
Right click869
Select / deselect436
Select group hotkey222
Use ability55
1695 total
» units
Wisp23
Huntress5
Dryad9
Druid of the Talon3
Druid of the Claw2
42 total
» upgrades
Moon Armor1
Druid of the Claw Training2
Reinforced Hides2
Abolish Magic1
6 total
» buildings
Altar of Elders1
Moon Well4
Hunter's Hall1
Ancient of War2
Tree of Ages1
Ancient of Lore2
Ancient of Wind1
Tree of Eternity1
Tree of Life2
Ancient of Wonders1
16 total
» build order
00:06 Altar of Elders
00:21 Moon Well
01:39 Hunter's Hall
01:44 Ancient of War
02:09 Ancient of War
02:45 Moon Well
02:51 Moon Well
04:03 Tree of Ages
07:00 Moon Well
07:02 Ancient of Lore
07:04 Ancient of Wind
09:16 Tree of Eternity
11:00 Tree of Life
11:29 Ancient of Wonders
15:47 Tree of Life
15:59 Ancient of Lore
» items
Potion of Lesser Invulnerability1
Scroll of Town Portal2
Scroll of Healing1
Orb of Venom1
Staff of Preservation1
6 total